 Dungeon Crawl Stone Soup version 0.30-a0-297-g0ec75d9ef4 (webtiles) character file.

Game seed: 11432638841778776458

285 KennySheep the Trooper (level 6, -1/68 HPs)
             Began as an Ogre Wanderer on Oct 19, 2022.
             Slain by a centaur (4 damage)
             ... on level 5 of the Dungeon.
             The game lasted 00:12:13 (3618 turns).

KennySheep the Trooper (Ogre Wanderer)              Turns: 3618, Time: 00:12:15

Health: -1/68      AC:  4    Str: 17    XL:     6   Next: 29%
Magic:  6/6        EV:  9    Int: 12    God:
Gold:   176        SH:  0    Dex: 11    Spells: 5/5 levels left

rFire   . . .      SeeInvis .    g - +0 halberd
rCold   . . .      Faith    .    (shield currently unavailable)
rNeg    . . .      Spirit   .    f - +0 robe
rPois   .          Reflect  .    q - +0 hat
rElec   .          Harm     .    i - +0 cloak
rCorr   .          Rampage  .    (gloves unavailable)
Will    .....                    (boots unavailable)
Stlth   ++........               p - amulet of regeneration
HPRegen 1.11/turn                (no ring)
MPRegen 0.10/turn                (no ring)

@: hasted, very quick
A: large, unfitting armour, tough skin 1
a: no special abilities


You were on level 5 of the Dungeon.
You visited 1 branch of the dungeon, and saw 5 of its levels.

You collected 176 gold pieces.

Inventory:

Hand Weapons
 a - a +0 spear
 d - a +1 dagger
 g - a +0 halberd (weapon)
Missiles
 b - an atropa-tipped dart
 c - a datura-tipped dart (quivered)
 o - 15 stones
 s - 5 poisoned darts
Armour
 f - a +0 robe (worn)
 i - a +0 cloak (worn)
 q - a +0 hat (worn)
Jewellery
 p - an amulet of regeneration (around neck)
Scrolls
 h - a scroll of identify {unknown}
 k - a scroll of fear {unknown}
 n - 2 scrolls of enchant armour {unknown}
 u - a scroll of poison {unknown}
Potions
 e - a potion of brilliance {unknown}
 j - 2 potions of degeneration
 l - a potion of attraction {unknown}
 m - a potion of flight
 r - a potion of haste


   Skills:
 + Level 6.6 Fighting
 * Level 5.3 Polearms
 + Level 2.7 Throwing
 - Level 2.1 Stealth


You had 5 spell levels left.
You didn't know any spells.
Your spell library contained the following spells:

 Spells                   Type           Power      Damage    Failure   Level
 Magic Dart               Conj           0%         1d3       32%         1
 Call Imp                 Summ           0%         N/A       45%         2
 Sublimation of Blood     Necr           0%         N/A       45%         2
 Inner Flame              Hex/Fire       0%         N/A       69%         3
 Mephitic Cloud           Conj/Pois/Air  0%         N/A       69%         3
 Cause Fear               Hex            0%         N/A       97%         4
 Petrify                  Tmut/Erth      0%         N/A       97%         4
 Irradiate                Conj/Tmut      0%         3d11      100%        5
 Discord                  Hex            0%         N/A       100%        8


Dungeon Overview and Level Annotations

Branches:
Dungeon (5/15)
 Temple: D:4-7

Altars:

Annotations:
D:4 exclusion: phantom, Blork the orc, Edmund


Innate Abilities, Weirdness & Mutations

You are too large for most types of armour.
You have tough skin. (AC +1)


Message History

You climb downwards.
Found a long sword.
Found a stone staircase leading down.
There is a stone staircase leading up here.
You completely miss the hobgoblin.
The centaur wields a +0 shortbow.
The centaur shoots an arrow.
The arrow hits you! The hobgoblin hits you.
You closely miss the hobgoblin.
The centaur shoots an arrow.
The arrow hits you.
The centaur shoots an arrow.
The arrow barely misses you. The hobgoblin hits you.
The centaur shoots an arrow.
The arrow hits you! The hobgoblin closely misses you.
The centaur shoots an arrow.
The arrow hits you!
The centaur shoots an arrow.
The arrow hits you. The hobgoblin hits you.
The hobgoblin attacks as you move away!
The hobgoblin hits you but does no damage.
Found 2 red potions.
The centaur shoots an arrow.
The arrow hits you.
* * * LOW HITPOINT WARNING * * *
The centaur shoots an arrow.
The arrow hits you.
* * * LOW HITPOINT WARNING * * *
The hobgoblin attacks as you move away! The hobgoblin hits you.
* * * LOW HITPOINT WARNING * * *
The centaur shoots an arrow.
The arrow barely misses you.
The arrow hits the hobgoblin!
The hobgoblin dies!
The centaur unwields a +0 shortbow.
The centaur hits you.
* * * LOW HITPOINT WARNING * * *
The centaur kicks you.
* * * LOW HITPOINT WARNING * * *
There is a stone staircase leading down here.
You feel better. The centaur hits you.
* * * LOW HITPOINT WARNING * * *
The centaur closely misses you. x2; The centaur kicks you.
* * * LOW HITPOINT WARNING * * *
It was a potion of haste.
You feel yourself speed up. The centaur hits you.
* * * LOW HITPOINT WARNING * * *
The centaur barely misses you.
You barely miss the centaur. The centaur hits you.
* * * LOW HITPOINT WARNING * * *
The centaur kicks you but does no damage.
The centaur hits you.
You die...

#. ...# #.
...###.
#.#.......
#.<.......
#.........
##.$....##.
#####.......##.
...............
.......@.......
.###...c....##.
##..#.......
.... .......
##... ....##.
#+## !...#
#.... ...##


You could see a centaur.

Vanquished Creatures
  A bullfrog (D:4)
  A jelly (D:4)
  An orc wizard (D:3)
  An adder (D:3)
  5 gnolls
  3 worms
  4 dart slugs
  3 orcs (D:3)
  5 ball pythons
  4 bats
  5 endoplasms
  3 giant cockroaches
  3 goblins
  12 hobgoblins
  11 jackals
  8 kobolds
  3 quokkas
  A frilled lizard (D:1)
  5 rats
79 creatures vanquished.

Vanquished Creatures (others)
  A hobgoblin (D:5)
  6 plants (D:3)
7 creatures vanquished.

Grand Total: 86 creatures vanquished

Notes
Turn   | Place    | Note
-------+----------+-------------------------------------------
     0 | D:1      | KennySheep the Ogre Wanderer began the quest for the Orb.
     0 | D:1      | KennySheep set off with the following items: a +1 dagger,
                  | an atropa-tipped dart, a datura-tipped dart, a +0 spear, a
                  | potion of heal wounds, a +0 robe.
     0 | D:1      | Reached XP level 1. HP: 27/27 MP: 1/1
     0 | D:1      | Noticed a shadow dragon
     3 | D:1      | Noticed a tentacled monstrosity
     5 | D:1      | Noticed an ice dragon
     7 | D:1      | Noticed a shadow dragon
     8 | D:1      | Noticed a tentacled monstrosity
    11 | D:1      | Noticed a tentacled monstrosity
    13 | D:1      | Noticed a shadow dragon
    15 | D:1      | Noticed a tentacled monstrosity
    17 | D:1      | Noticed an iron dragon
    17 | D:1      | Noticed a black draconian
    19 | D:1      | Noticed a shadow dragon
    19 | D:1      | Noticed an ice dragon
    19 | D:1      | Noticed an iron dragon
    21 | D:1      | Noticed a shadow dragon
    21 | D:1      | Noticed an iron dragon
    23 | D:1      | Noticed an orb of fire
    75 | D:1      | Reached XP level 2. HP: 5/35 MP: 2/2
   236 | D:1      | Reached skill level 1 in Throwing
   288 | D:1      | Reached XP level 3. HP: 41/42 MP: 3/3
  1247 | D:2      | Reached XP level 4. HP: 20/52 MP: 4/4
  1932 | D:3      | Reached skill level 6 in Fighting
  2345 | D:3      | Reached XP level 5. HP: 41/59 MP: 5/5
  2669 | D:3      | Identified the +0 helmet "Kuicuas" {rN++ Dex+4}
  3061 | D:4      | Noticed Blork the orc
  3062 | D:4      | Noticed Edmund
  3293 | D:4      | Noticed a phantom
  3535 | D:4      | Reached skill level 5 in Polearms
  3555 | D:4      | Reached XP level 6. HP: 45/68 MP: 6/6
  3608 | D:5      | Entered Level 5 of the Dungeon
  3618 | D:5      | HP: 3/68 [centaur (5)]
  3618 | D:5      | Slain by a centaur

Illustrated notes

Levels and vault maps discovered:
D:1:      shiori_arrival_whats_in_store_for_you, layout_basic
D:2:      layout_loops_corners
D:3:      wad_lake_hut, layout_basic
D:4:      layout_loops_ring, jmf_multi_god_temple, minmay_temple_entry_poolview,
          serial_shops, kennysheep_mini_moat, uniq_edmund, uniq_blork_the_orc
D:5:      layout_basic, nicolae_vehumet_altar_sigil, uniq_crazy_yiuf_cottage

Skill      XL: |  1  2  3  4  5 |
---------------+----------------+-----
Throwing       | 1 2 |  2.7
Polearms       | 4 5 |  5.3
Fighting       | 6 |  6.6
Stealth        | |  2.1

Action                   |  1- 3 |  4- 6 || total
-------------------------+-------+-------++-------
Melee: Spear             |   160 |   109 ||   269
       Punch             |     2 |     1 ||     3
       Halberd           |       |    84 ||    84
  Use: Potion            |     2 |     5 ||     7
       Scroll            |       |     1 ||     1
 Stab: Sleeping          |     7 |     7 ||    14
       Distracted        |       |     1 ||     1
Armor: Robe              |    30 |    59 ||    89
Dodge: Dodged            |    41 |    81 ||   122

Table legend: (Time is in decaauts)
 A = Elapsed time spent in this place.
 B = Non-inter-level travel time spent in this place.
 C = Inter-level travel time spent in this place.
 D = Time resting spent in this place.
 E = Time spent auto-exploring this place.
 F = Levels seen in this place.
 G = Mean time per level.
                   A        B        C        D        E       F      G
               +--------+--------+--------+--------+--------+-----+--------+
         Total |   3661 |   3431 |    230 |    610 |   2046 |   5 |  732.2 |
       Dungeon |   3661 |   3431 |    230 |    610 |   2046 |   5 |  732.2 |
               +--------+--------+--------+--------+--------+-----+--------+

Top non-repeatable levels by time:
     D:3: 1333 daAuts
     D:2: 1085 daAuts
     D:1: 702 daAuts
     D:4: 528 daAuts
     D:5: 10 daAuts
